 Dungeon Crawl Stone Soup version 0.17.1-2-g5865329 (webtiles) character file.

46 ololoev the Covered (level 3, 0/29 HPs)
             Began as a Demonspawn Fighter on Jan 19, 2016.
             Succumbed to an adder's poison
             ... on level 4 of the Dungeon.
             The game lasted 00:03:32 (524 turns).

ololoev the Covered (Demonspawn Fighter)             Turns: 524, Time: 00:03:32

Health: 0/29       AC:  8    Str: 17    XL:     3   Next: 46%
Magic:  3/3        EV:  6    Int:  9    God:
Gold:   41         SH:  8    Dex: 12    Spells: 0 memorised, 2 levels left

rFire  . . .     SeeInvis .     a - +0 war axe
rCold  . . .     Clarity  .     b - +0 scale mail
rNeg   . . .     SustAt   .     c - +0 shield
rPois  .         Gourm    .     (no helmet)
rElec  .         Spirit   .     (no cloak)
rCorr  .         Warding  .     (no gloves)
rMut   .         Stasis   .     (no boots)
MR     .....                    (no amulet)
Stlth  ..........               (no ring)
                                (no ring)

@: lethally poisoned (0 -> -2), not resistant to hostile enchantments, extremely
unstealthy
A: hooves 1, yellow scales 1, blink, spit poison 1
a: Spit Poison, Blink


Innate Abilities, Weirdness & Mutations

You are partially covered in yellow scales (AC +2).
You have large cloven feet.
You can translocate small distances at will.
You can spit weak poison.

Inventory:

Hand Weapons
 a - a +0 war axe (weapon)
Armour
 b - a +0 scale mail (worn)
 c - a +0 shield (worn)
Scrolls
 g - a scroll of fog {unknown}
 h - a scroll of noise {unknown}
 j - 2 scrolls of identify {unknown}
Potions
 d - a potion of might
Comestibles
 e - 2 bread rations
 f - 5 chunks of flesh
 i - a slice of pizza


   Skills:
 - Level 3.0 Fighting
 * Level 2.9 Axes
 + Level 3.3 Armour
 - Level 2.6 Shields


You had 2 spell levels left.
You didn't know any spells.


You were on level 4 of the Dungeon.
You were not hungry.

You visited 1 branch of the dungeon, and saw 4 of its levels.

You collected 41 gold pieces.

(.. .....#
.... .....
....## ....
#.....# ...
#.....# ..
####.....##..
#..........#
+†........@#
#..........#
#.......w..#
#........$.#
#..........#
#.<........#
#..........#
#........(.#
#..........#

Notes
Turn   | Place    | Note
--------------------------------------------------------------
     0 | D:1      | ololoev the Demonspawn Fighter began the quest for the Orb.
     0 | D:1      | Reached XP level 1. HP: 18/18 MP: 1/1
   161 | D:2      | Gained mutation: You are partially covered in yellow scales (AC +2). [demonic ancestry]
   161 | D:2      | Reached XP level 2. HP: 17/24 MP: 2/2
   391 | D:3      | Gained mutation: You have large cloven feet. [potion of mutation]
   391 | D:3      | Gained mutation: You can spit weak poison. [potion of mutation]
   391 | D:3      | Gained mutation: You can translocate small distances at will. [potion of mutation]
   413 | D:3      | Reached XP level 3. HP: 10/29 MP: 3/3
   516 | D:4      | HP: 1/29 [poisoned by an adder]
   524 | D:4      | Succumbed to an adder's poison

Dungeon Overview and Level Annotations

Branches:
Dungeon (4/15)
 Temple: D:4-7

Altars:


Message History

The adder is heavily wounded.
The adder bites you but does no damage. The adder barely misses you.
You closely miss the adder.
The adder is heavily wounded.
You feel sick. The adder closely misses you. The adder barely misses you.
You hit the adder but do no damage. Your kick misses the adder.
The adder is heavily wounded.
You block the adder's attack. The adder bites you.
You are lethally poisoned!
The adder poisons you!
You hit the adder. Your kick misses the adder.
The adder is heavily wounded.
You feel sick. The adder barely misses you.
The adder bites you but does no damage.
You barely miss the adder. You kick the adder, but do no damage.
The adder is heavily wounded.
You feel sick. The adder bites you but does no damage.
You slash the adder!
You kill the adder!
Drink which item? (? for menu, Esc to quit)
Okay, then.
You feel sick.
You feel sick.
There is a stone staircase leading down here.
You climb downwards.
A giant newt and a worm come into view.
Found 8 stones and 12 gold pieces.
There is a stone staircase leading up here.
You feel sick.
Use which ability? (? or * to list)
Press: ? - help, Shift-Dir - straight line, f - giant newt
Aim: a giant newt The splash of poison hits the giant newt.
You kill the giant newt!
You feel slightly more hungry.
You have got your breath back.
You feel sick.
You feel sick.
You see here 12 gold pieces.
You die...

You could see a worm.

Vanquished Creatures
  2 adders (D:3)
  3 worms
  A giant cockroach (D:1)
  A hobgoblin (D:1)
  A quokka (D:2)
  5 bats
  A giant gecko (D:1)
  2 giant newts
  3 kobolds
  4 rats
23 creatures vanquished.

Action                   || total
-------------------------++-------
Melee: War axe           ||    75
 Abil: Spit Poison       ||    10
  Use: Potion            ||     1

Vault maps used:
D:1:      dpeg_arrival_circle_labyrinth_c, st_stairs_4
D:2:      nicolae_tso_carved_into_rock
D:4:      first_bread, uniq_eustachio
